MWL
QUINCY CUBS @ DECATUR COMMODORES
07/21/1982
 
TOP OF THE 1ST
Quincy Cubs batting - Pitching for Decatur Commodores : RHP Fred Howard
Pitching: RHP Fred Howard
Batting: RHB Alex Juarez 0-0: Ball
1-0: Fly out, F4 (Flyball, 34D, EV 91.3 MPH)
Batting: RHB Jack Ayer 0-0: Fly out, F6 (Line Drive, 6, EV 66.3 MPH)
Batting: SHB Willie Perez 0-0: Swinging Strike
0-1: Ball
1-1: Foul Ball, location: 2F
1-2: SINGLE (Groundball, 6MD, EV 95.6 MPH)
Batting: RHB Billy Best 0-0: Reached on error, E3 (Groundball, 34, EV 88.8 MPH)
Willie Perez to second
Batting: RHB Jerry Fry 0-0: Ball
1-0: Foul Ball, location: 2F
1-1: Foul Ball, location: 2F
1-2: Ball
2-2: Foul Ball, location: 2F
2-2: Ball
3-2: Foul Ball, location: 2F
3-2: Foul Ball, location: 2F
3-2: Base on Balls
Willie Perez to third
Billy Best to second
Batting: RHB Nerio Guerrero 0-0: Called Strike
0-1: Fly out, F8 (Flyball, 8RM, EV 96.9 MPH)
Top of the 1st over - 0 runs, 1 hit, 1 error, 3 left on base; Quincy 0 - Decatur 0
BOTTOM OF THE 1ST
Decatur Commodores batting - Pitching for Quincy Cubs : RHP Charles Lusted
Pitching: RHP Charles Lusted
Batting: LHB Alexis Marte 0-0: Called Strike
0-1: Swinging Strike
0-2: Foul Ball, location: 2F
0-2: Foul Ball, location: 2F
0-2: Ball
1-2: Ball
2-2: Fly out, F1 (Line Drive, P, EV 71.9 MPH)
Batting: SHB Roger Holt 0-0: Fly out, F8 (Line Drive, 8RD, EV 85.0 MPH)
Batting: SHB Daniel Wieser 0-0: Ball
1-0: Ball
2-0: Ground out 3-1 (Groundball, 34, EV 79.4 MPH)
Bottom of the 1st over - 0 runs, 0 hits, 0 errors, 0 left on base; Quincy 0 - Decatur 0
TOP OF THE 2ND
Quincy Cubs batting - Pitching for Decatur Commodores : RHP Fred Howard
Batting: RHB Richard Palmer 0-0: Ball
1-0: Called Strike
1-1: Fly out, F7 (Line Drive, 7, EV 88.1 MPH)
Batting: RHB Garry Keeton 0-0: Ball
1-0: Ball
2-0: Called Strike
2-1: Ball
3-1: Swinging Strike
3-2: Base on Balls
Batting: RHB Samuel Bass 0-0: Ball
1-0: Ball
2-0: Ball
3-0: Base on Balls
Garry Keeton to second
Batting: RHB Alex Juarez 0-0: Called Strike
0-1: Ball
1-1: Foul Ball, location: 2F
1-2: Fielders Choice at 2nd, 6-4 (Groundball, 6M, EV 110.0 MPH)
Garry Keeton to third
Batting: RHB Jack Ayer 0-0: Ball
1-0: Foul Ball, location: 2F
1-1: Foul Ball, location: 2F
1-2: Ball
2-2: Fielders Choice at 2nd, 5-4 (Groundball, 56, EV 84.4 MPH)
Top of the 2nd over - 0 runs, 0 hits, 0 errors, 2 left on base; Quincy 0 - Decatur 0
BOTTOM OF THE 2ND
Decatur Commodores batting - Pitching for Quincy Cubs : RHP Charles Lusted
Batting: LHB David Showalter 0-0: Ball
1-0: Called Strike
1-1: Ball
2-1: Ball
3-1: Swinging Strike
3-2: Base on Balls
Batting: SHB Rondin Johnson 0-0: Called Strike
0-1: Ball
1-1: Fielders Choice at 2nd, 5-4 (Groundball, 5, EV 82.5 MPH)
Batting: LHB Jerry Miller 0-0: Ball
1-0: Foul Ball, location: 2F
1-1: Ball
2-1: Called Strike
Rondin Johnson steals 2nd base
2-2: Ground out 6-3 (Groundball, 6M, EV 110.0 MPH)
Rondin Johnson to third
Batting: RHB Clifton Wilder 0-0: Ball
Wild Pitch!
Rondin Johnson scores
1-0: Foul Ball, location: 2F
1-1: Foul Ball, location: 2F
1-2: Fly out, F8 (Line Drive, 8LD, EV 89.4 MPH)
Bottom of the 2nd over - 1 run, 0 hits, 0 errors, 0 left on base; Quincy 0 - Decatur 1
TOP OF THE 3RD
Quincy Cubs batting - Pitching for Decatur Commodores : RHP Fred Howard
Batting: SHB Willie Perez 0-0: Ball
1-0: Ball
2-0: Foul Ball, location: 2F
2-1: Ground out 4-3 (Groundball, 4, EV 101.9 MPH)
Batting: RHB Billy Best 0-0: Ground out 4-3 (Groundball, 4, EV 81.9 MPH)
Batting: RHB Jerry Fry 0-0: Ball
1-0: Ball
2-0: Called Strike
2-1: Foul Ball, location: 2F
2-2: Ground out 6-3 (Groundball, 6, EV 108.1 MPH)
Top of the 3rd over - 0 runs, 0 hits, 0 errors, 0 left on base; Quincy 0 - Decatur 1
BOTTOM OF THE 3RD
Decatur Commodores batting - Pitching for Quincy Cubs : RHP Charles Lusted
Batting: LHB Samuel Taves 0-0: Fly out, F6 (Flyball, 56D, EV 95.6 MPH)
Batting: RHB Rex Farrior 0-0: Ball
1-0: Foul Ball, location: 2F
1-1: Ground out 6-3 (Groundball, 6S, EV 84.4 MPH)
Batting: LHB Alexis Marte 0-0: Called Strike
0-1: Called Strike
0-2: Ball
1-2: SINGLE (Groundball, 5S, EV 72.5 MPH) (infield hit)
Batting: SHB Roger Holt 0-0: Foul Ball, location: 2F
0-1: Ball
1-1: Ball
2-1: Ball
3-1: DOUBLE (Line Drive, 9LM, EV 102.5 MPH)
Alexis Marte to third
Batting: SHB Daniel Wieser 0-0: Called Strike
0-1: Ball
1-1: Ball
2-1: Swinging Strike
2-2: Ball
3-2: Ground out 6-3 (Groundball, 6, EV 90.0 MPH)
Bottom of the 3rd over - 0 runs, 2 hits, 0 errors, 2 left on base; Quincy 0 - Decatur 1
TOP OF THE 4TH
Quincy Cubs batting - Pitching for Decatur Commodores : RHP Fred Howard
Batting: RHB Nerio Guerrero 0-0: Ball
1-0: Ground out 4-3 (Groundball, 4, EV 76.3 MPH)
Batting: RHB Richard Palmer 0-0: Called Strike
0-1: Foul Ball, location: 2F
0-2: Foul Ball, location: 2F
0-2: Strikes out looking
Batting: RHB Garry Keeton 0-0: Ball
1-0: Foul Ball, location: 2F
1-1: Called Strike
1-2: Ground out U3 (Groundball, 34, EV 102.5 MPH)
Top of the 4th over - 0 runs, 0 hits, 0 errors, 0 left on base; Quincy 0 - Decatur 1
BOTTOM OF THE 4TH
Decatur Commodores batting - Pitching for Quincy Cubs : RHP Charles Lusted
Batting: LHB David Showalter 0-0: Ball
1-0: Called Strike
1-1: Ball
2-1: Ball
3-1: Foul Ball, location: 2F
3-2: Foul Ball, location: 2F
3-2: DOUBLE (Line Drive, 7LM, EV 101.3 MPH)
Batting: SHB Rondin Johnson 0-0: Ball
1-0: Ball
2-0: Reached on error, E4 (Groundball, 4S, EV 71.9 MPH)
David Showalter to third
Batting: LHB Jerry Miller 0-0: Called Strike
0-1: Ball
1-1: SINGLE (Line Drive, 6D, EV 100.6 MPH)
David Showalter scores
Rondin Johnson to second
Batting: RHB Clifton Wilder 0-0: Called Strike
0-1: Fielders Choice at 2nd, 3-6 (Groundball, 34, EV 91.9 MPH)
Rondin Johnson to third
Batting: LHB Samuel Taves 0-0: Foul Ball, location: 2F
0-1: Ball
1-1: Ball
2-1: Ball
3-1: Reached via error on a dropped throw from 2B, E6 (Groundball, 4, EV 85.6 MPH)
Rondin Johnson scores
Clifton Wilder to second
Batting: RHB Rex Farrior 0-0: Ball
1-0: Foul Ball, location: 2F
1-1: Foul Ball, location: 2F
1-2: Ball
2-2: Foul Ball, location: 2F
2-2: Grounds into double play, 5-4-3 (Groundball, 56, EV 87.5 MPH)
Bottom of the 4th over - 2 runs, 2 hits, 2 errors, 1 left on base; Quincy 0 - Decatur 3
TOP OF THE 5TH
Quincy Cubs batting - Pitching for Decatur Commodores : RHP Fred Howard
Batting: RHB Samuel Bass 0-0: Ball
1-0: Swinging Strike
1-1: Ball
2-1: Called Strike
2-2: Ball
3-2: Strikes out swinging
Batting: RHB Alex Juarez 0-0: Foul Ball, location: 2F
0-1: Foul Ball, location: 2F
0-2: Ball
1-2: Reached on error, E5 (Groundball, 56, EV 84.4 MPH)
Batting: RHB Jack Ayer 0-0: Called Strike
0-1: Ball
1-1: Ball
2-1: Fly out, F8 (Flyball, 8RM, EV 95.0 MPH)
Batting: SHB Willie Perez 0-0: SINGLE (Groundball, 34D, EV 94.4 MPH)
Alex Juarez to third
Runner from 3rd tries for Home, SAFE, throw by RF to home
Batting: RHB Billy Best 0-0: Foul Ball, location: 2F
0-1: Called Strike
0-2: Ball
1-2: Ball
2-2: Foul Ball, location: 2F
2-2: Ball
3-2: Ground out 6-3 (Groundball, 6S, EV 81.9 MPH)
Top of the 5th over - 1 run, 1 hit, 1 error, 1 left on base; Quincy 1 - Decatur 3
BOTTOM OF THE 5TH
Decatur Commodores batting - Pitching for Quincy Cubs : RHP Charles Lusted
Batting: LHB Alexis Marte 0-0: Foul Ball, location: 2F
0-1: Ball
1-1: Swinging Strike
1-2: Strikes out swinging
Batting: SHB Roger Holt 0-0: Ball
1-0: Swinging Strike
1-1: Called Strike
1-2: Ground out 6-3 (Groundball, 6M, EV 86.3 MPH)
Batting: SHB Daniel Wieser 0-0: Ball
1-0: Foul Ball, location: 2F
1-1: Ball
2-1: Ball
3-1: SINGLE (Groundball, 34S, EV 65.6 MPH) (infield hit)
Batting: LHB David Showalter 0-0: Ball
1-0: Ball
2-0: Ground out 6-3 (Groundball, 6M, EV 80.6 MPH)
Bottom of the 5th over - 0 runs, 1 hit, 0 errors, 1 left on base; Quincy 1 - Decatur 3
TOP OF THE 6TH
Quincy Cubs batting - Pitching for Decatur Commodores : RHP Fred Howard
Batting: RHB Jerry Fry 0-0: Called Strike
0-1: Swinging Strike
0-2: Ball
1-2: Foul Ball, location: 2F
1-2: Fly out, F8 (Flyball, 8LM, EV 95.0 MPH)
Batting: RHB Nerio Guerrero 0-0: Ball
1-0: Ball
2-0: Called Strike
2-1: Ball
3-1: Foul Ball, location: 2F
3-2: Fly out, F9 (Flyball, 9D, EV 101.3 MPH)
Pitching: RHP William Martin
Batting: RHB Richard Palmer 0-0: Called Strike
0-1: Swinging Strike
0-2: Ball
1-2: Foul Ball, location: 2F
1-2: Strikes out swinging
Top of the 6th over - 0 runs, 0 hits, 0 errors, 0 left on base; Quincy 1 - Decatur 3
BOTTOM OF THE 6TH
Decatur Commodores batting - Pitching for Quincy Cubs : RHP Charles Lusted
Batting: SHB Rondin Johnson 0-0: Called Strike
0-1: Ground out 4-3 (Groundball, 4, EV 101.3 MPH)
Batting: LHB Jerry Miller 0-0: Ball
1-0: Ball
2-0: Ball
3-0: Called Strike
3-1: Base on Balls
Batting: RHB Clifton Wilder 0-0: Called Strike
0-1: Called Strike
0-2: Ball
1-2: Foul Ball, location: 2F
1-2: Ball
2-2: Fielders Choice at 2nd, 4-6 (Groundball, 4, EV 100.0 MPH)
Batting: LHB Samuel Taves 0-0: Foul Ball, location: 2F
0-1: Swinging Strike
0-2: Ball
1-2: Fly out, F7 (Line Drive, 7, EV 89.4 MPH)
Bottom of the 6th over - 0 runs, 0 hits, 0 errors, 1 left on base; Quincy 1 - Decatur 3
TOP OF THE 7TH
Quincy Cubs batting - Pitching for Decatur Commodores : RHP William Martin
Batting: RHB Garry Keeton 0-0: Foul Ball, location: 2F
0-1: Ball
1-1: Ball
2-1: Called Strike
2-2: Strikes out swinging
Batting: RHB Samuel Bass 0-0: Foul Ball, location: 2F
0-1: Fly out, F3 (Popup, 3S, EV 68.8 MPH)
Batting: RHB Alex Juarez 0-0: SINGLE (Groundball, 56D, EV 96.9 MPH)
Batting: RHB Jack Ayer 0-0: Ball
1-0: Ball
2-0: Called Strike
2-1: SINGLE (Flyball, 6MD, EV 83.1 MPH)
Alex Juarez to second
Runner from 2nd tries for 3rd, SAFE, throw by CF made to third
Batting: SHB Willie Perez 0-0: Ball
1-0: Fly out, F6 (Popup, 6M, EV 75.0 MPH)
Top of the 7th over - 0 runs, 2 hits, 0 errors, 2 left on base; Quincy 1 - Decatur 3
BOTTOM OF THE 7TH
Decatur Commodores batting - Pitching for Quincy Cubs : RHP Charles Lusted
Batting: RHB Rex Farrior 0-0: Called Strike
0-1: Swinging Strike
0-2: Ball
1-2: Strikes out swinging
Batting: LHB Alexis Marte 0-0: Ball
1-0: Swinging Strike
1-1: Fly out, F7 (Flyball, 7LD, EV 87.5 MPH)
Batting: SHB Roger Holt 0-0: Ball
1-0: Ball
2-0: Foul Ball, location: 2F
2-1: Foul Ball, location: 2F
2-2: Fly out, F9 (Line Drive, 9, EV 100.0 MPH)
Bottom of the 7th over - 0 runs, 0 hits, 0 errors, 0 left on base; Quincy 1 - Decatur 3
TOP OF THE 8TH
Quincy Cubs batting - Pitching for Decatur Commodores : RHP William Martin
Batting: RHB Billy Best 0-0: Fly out, F8 (Flyball, 8RXD, EV 94.4 MPH)
Batting: RHB Jerry Fry 0-0: Ball
1-0: DOUBLE (Groundball, 5L, EV 98.8 MPH)
Batting: RHB Nerio Guerrero 0-0: SINGLE (Line Drive, 8LS, EV 103.1 MPH)
Jerry Fry to third
Pitching: RHP Luis DeLeon
Batting: LHB Dennis Mork 0-0: Called Strike
0-1: Ground out U3 (Groundball, 3, EV 90.6 MPH)
Nerio Guerrero to second
Batting: RHB Garry Keeton 0-0: Ball
1-0: Ball
2-0: Foul Ball, location: 2F
2-1: Swinging Strike
2-2: Foul Ball, location: 2F
2-2: Strikes out swinging
Top of the 8th over - 0 runs, 2 hits, 0 errors, 2 left on base; Quincy 1 - Decatur 3
BOTTOM OF THE 8TH
Decatur Commodores batting - Pitching for Quincy Cubs : RHP Charles Lusted
Batting: SHB Daniel Wieser 0-0: Ground out 4-3 (Groundball, 4M, EV 101.3 MPH)
Batting: LHB David Showalter 0-0: Ball
1-0: Ball
2-0: Ball
3-0: Base on Balls
Batting: SHB Rondin Johnson 0-0: Fly out, F5 (Popup, 56S, EV 78.8 MPH)
Batting: LHB Jerry Miller 0-0: Ball
David Showalter steals 2nd base
1-0: Called Strike
1-1: Fly out, F8 (Flyball, 8LD, EV 85.0 MPH)
Bottom of the 8th over - 0 runs, 0 hits, 0 errors, 1 left on base; Quincy 1 - Decatur 3
TOP OF THE 9TH
Quincy Cubs batting - Pitching for Decatur Commodores : RHP Luis DeLeon
Pitching: RHP Luis Guzman
Batting: RHB Samuel Bass 0-0: Ground out 5-3 (Groundball, 56S, EV 83.1 MPH)
Batting: RHB Alex Juarez 0-0: Ball
1-0: Ground out 5-3 (Groundball, 56, EV 105.6 MPH)
Batting: RHB Jack Ayer 0-0: Ball
1-0: Called Strike
1-1: Fly out, F3 (Popup, 3SF, EV 78.8 MPH)
Top of the 9th over - 0 runs, 0 hits, 0 errors, 0 left on base; Quincy 1 - Decatur 3
Monday, August 17th, 2020 - OOTP Baseball 21.5 Build 76